 Dungeon Crawl Stone Soup version 0.31.0-9-g3a7656b989 (webtiles) character file.

Game seed: 1913853023089510702

586 qw the Skirmisher (level 7, 0/40 HPs)
             Began as a Deep Elf Hunter on Feb 2, 2024.
             Slain by a black bear (7 damage)
             ... on level 5 of the Dungeon.
             The game lasted 00:00:18 (4435 turns).

qw the Skirmisher (Deep Elf Hunter)                 Turns: 4435, Time: 00:00:19

Health: 0/40       AC:  8    Str: 10    XL:     7   Next: 15%
Magic:  9/9        EV: 11    Int: 14    God:
Gold:   151        SH:  0    Dex: 18    Spells: 6/6 levels left

rFire   . . .        a - +1 shortbow
rCold   . . .        (shield currently unavailable)
rNeg    . . .        k - +0 ring mail
rPois   .            h - +1 helmet
rElec   .            (no cloak)
rCorr   +            g - +0 pair of gloves
SInv    .            (no boots)
Will    .....        (no amulet)
Stlth   +            b - ring of resist corrosion
HPRegen 0.26/turn    (no ring)
MPRegen 0.11/turn

%: no passive effects
@: about to teleport
A: no striking features
a: no special abilities


You were on level 5 of the Dungeon.
You visited 1 branch of the dungeon, and saw 5 of its levels.

You collected 151 gold pieces.


   Skills:
 - Level 2.2 Fighting
 + Level 10.5 Ranged Weapons
 - Level 1.4 Armour
 - Level 3.0 Dodging
 - Level 1.2 Stealth


You had 6 spell levels left.
You didn't know any spells.
Your spell library was empty.

Inventory:

Hand Weapons
 a - a +1 shortbow (weapon)
Armour
 g - a +0 pair of gloves (worn)
 h - a +1 helmet (worn)
 k - a +0 ring mail (worn)
Jewellery
 b - a ring of resist corrosion (left hand)
Wands
 c - a wand of polymorph (6)
 d - a wand of roots (6)
Potions
 f - 3 potions of curing

Dungeon Overview and Level Annotations

Branches:
Dungeon (5/15)
 Temple: D:4-7

Altars:
Ashenzari
Kikubaaqudgha


Message History

Something hits you but does no damage.
You shoot an arrow. The arrow hits the black bear!
The black bear is severely wounded.
Something hits you.
You shoot an arrow. The arrow hits the black bear.
The black bear is severely wounded.
You hear some strange, mumbled words.
A magic dart appears from out of thin air!
The magic dart hits you.
You shoot an arrow. The arrow hits the black bear.
The black bear is severely wounded.
The black bear goes berserk!
Something completely misses you. The black bear completely misses you.
The black bear claws you. x2
You shoot an arrow. The arrow hits the black bear.
The black bear is almost dead.
You hear some strange, mumbled words.
A puff of flame appears from out of thin air!
The puff of flame hits you.
The black bear bites you but does no damage.
The black bear claws you. The black bear closely misses you.
You shoot an arrow. The arrow hits the black bear.
The black bear is almost dead.
The black bear bites you. The black bear misses you.
The black bear claws you but does no damage.
Something hits you but does no damage.
The black bear bites you but does no damage.
The black bear claws you but does no damage.
The black bear closely misses you.
4434 ||| READING scroll of teleportation.
As you read the scroll of teleportation, it crumbles to dust.
You feel strangely unstable. Something hits you.
The black bear bites you but does no damage.
The black bear closely misses you.
The black bear claws you but does no damage.
You shoot an arrow.
The arrow hits the black bear but does no damage.
The black bear is almost dead.
The black bear bites you!
You die...

#.##.#....# .
#####.##...####
####......##### .
#.....###..<# ..
#.....###.### ...
#.....#...# ....
#.....#.### .....
###........######$.....
.............h@{)......
###.....#########......
#.....# ..... #.....#
.... ####### ###


You could see a black bear (berserk).

Vanquished Creatures
  2 ogres (D:5)
  A howler monkey (D:5)
  A hound (D:5)
  A jelly (D:4)
  An orc priest (D:4)
  2 orc wizards (D:4)
  4 gnolls (D:3)
  5 adders
  A shadow imp (D:5)
  2 dart slugs
  A ribbon worm (D:3)
  17 orcs
  13 ball pythons
  7 endoplasms
  8 giant cockroaches
  12 goblins
  13 hobgoblins
  3 quokkas
  11 bats
  5 frilled lizards
  5 kobolds
  6 rats
121 creatures vanquished.

Notes
Turn   | Place    | Note
-------+----------+-------------------------------------------
     0 | D:1      | qw the Deep Elf Hunter began the quest for the Orb.
     0 | D:1      | Reached XP level 1. HP: 12/12 MP: 3/3
     0 | D:1      | 0 ||| qw: Version: 0.3-a-155-g5e7d8dd
     0 | D:1      | 0 ||| qw: Game counter: 987
     0 | D:1      | 0 ||| qw: Melee chars always use a shield: true
     0 | D:1      | 0 ||| qw: God list: Okawaru
     0 | D:1      | 0 ||| qw: Allow faded altars: false
     0 | D:1      | 0 ||| qw: Do Orc after clearing Dungeon:15 true
     0 | D:1      | 0 ||| qw: Do second Lair branch before Depths: true
     0 | D:1      | 0 ||| qw: Lair rune preference: random
     0 | D:1      | 0 ||| qw: Goals: Normal
     0 | D:1      | 0 ||| PLANNING D:1-11
   213 | D:1      | Reached skill level 6 in Ranged Weapons
   213 | D:1      | Reached XP level 2. HP: 14/16 MP: 4/4
   492 | D:1      | Found a faded altar of an unknown god.
   757 | D:1      | Reached XP level 3. HP: 20/20 MP: 5/5
  1071 | D:1      | 1071 ||| UPGRADING to +0 helmet.
  1076 | D:1      | 1076 ||| READING scroll labelled SIR DASYECAD.
  1076 | D:1      | 1076 ||| ENCHANTING +0 helmet.
  1077 | D:1      | 1077 ||| READING 2 scrolls labelled UTAPAT LENU.
  1082 | D:1      | 1082 ||| READING 2 scrolls labelled CANYENG SOADEK.
  1083 | D:1      | 1083 ||| DRINKING 2 green potions.
  1084 | D:1      | 1084 ||| DRINKING 2 puce potions.
  1085 | D:1      | 1085 ||| DRINKING 2 fizzy dark potions.
  1086 | D:1      | 1086 ||| DROPPING scroll of butterflies.
  1087 | D:1      | 1087 ||| DROPPING scroll of immolation.
  1088 | D:1      | 1088 ||| DROPPING potion of degeneration.
  1124 | D:2      | 1124 ||| FLEEEEING.
  1125 | D:2      | 1125 ||| FLEEEEING.
  1127 | D:2      | 1127 ||| FLEEEEING.
  1128 | D:2      | 1128 ||| FLEEEEING.
  1130 | D:2      | 1130 ||| FLEEEEING.
  1268 | D:2      | Reached skill level 7 in Ranged Weapons
  1786 | D:2      | Reached XP level 4. HP: 25/25 MP: 6/6
  2035 | D:2      | 2035 ||| UPGRADING to +0 ring mail.
  2045 | D:2      | 2045 ||| DROPPING +0 leather armour.
  2046 | D:2      | 2046 ||| DROPPING ring of wizardry.
  2047 | D:2      | 2047 ||| READING scroll labelled DOZI UDDUTYSS.
  2148 | D:2      | 2148 ||| READING 2 scrolls labelled BUVEXT ZEMYOXT.
  2149 | D:2      | 2149 ||| READING scroll labelled KERAZU DOCHU.
  2149 | D:2      | 2149 ||| ENCHANTING +0 shortbow.
  2150 | D:2      | 2150 ||| READING 2 scrolls labelled MUAWIGI PEUHEF.
  2151 | D:2      | 2151 ||| READING scroll labelled XOTUTU NYPSUY.
  2152 | D:2      | 2152 ||| DROPPING scroll of noise.
  2153 | D:2      | 2153 ||| DROPPING scroll of revelation.
  2289 | D:3      | Reached skill level 8 in Ranged Weapons
  2297 | D:3      | Reached XP level 5. HP: 29/29 MP: 7/7
  2389 | D:3      | 2389 ||| FLEEEEING.
  2391 | D:3      | 2391 ||| STAIRDANCE
  2716 | D:3      | Found a broken altar of Ashenzari.
  2722 | D:3      | Found an ancient bone altar of Kikubaaqudgha.
  2909 | D:3      | 2909 ||| DROPPING ring of magical power.
  2997 | D:4      | 2997 ||| FLEEEEING.
  2998 | D:4      | 2998 ||| FLEEEEING.
  2999 | D:4      | 2999 ||| FLEEEEING.
  3000 | D:4      | 3000 ||| FLEEEEING.
  3007 | D:4      | Reached skill level 9 in Ranged Weapons
  3027 | D:4      | HP: 6/30 [orc/+0 trident (2)]
  3028 | D:4      | 3028 ||| READING 3 scrolls of teleportation.
  3029 | D:4      | 3029 ||| DRINKING potion of heal wounds.
  3199 | D:4      | 3199 ||| FLEEEEING.
  3200 | D:4      | 3200 ||| FLEEEEING.
  3202 | D:4      | Reached XP level 6. HP: 28/35 MP: 8/8
  3203 | D:4      | 3203 ||| FLEEEEING.
  3204 | D:4      | 3204 ||| STAIRDANCE
  3226 | D:3      | 3226 ||| UPGRADING to +0 pair of gloves.
  3231 | D:3      | 3231 ||| UPGRADING to ring of resist corrosion.
  3232 | D:3      | 3232 ||| READING scroll labelled EMEARAOKYPH.
  3232 | D:3      | 3232 ||| IDENTIFYING bubbling emerald potion
  3233 | D:3      | 3233 ||| DROPPING potion of brilliance.
  3795 | D:4      | Reached skill level 1 in Armour
  4124 | D:4      | 4124 ||| READING 2 scrolls of identify.
  4124 | D:4      | 4124 ||| IDENTIFYING fizzy clear potion
  4125 | D:4      | 4125 ||| READING scroll of identify.
  4125 | D:4      | 4125 ||| IDENTIFYING metallic puce potion
  4126 | D:4      | 4126 ||| DROPPING potion of lignification.
  4127 | D:4      | 4127 ||| DROPPING potion of ambrosia.
  4171 | D:5      | Entered Level 5 of the Dungeon
  4205 | D:5      | HP: 6/35 [ogre/+0 giant club (5)]
  4206 | D:5      | 4206 ||| READING 2 scrolls of teleportation.
  4331 | D:5      | Reached skill level 10 in Ranged Weapons
  4408 | D:5      | Reached skill level 3 in Dodging
  4408 | D:5      | Reached XP level 7. HP: 40/40 MP: 9/9
  4425 | D:5      | 4425 ||| FLEEEEING.
  4433 | D:5      | HP: 10/40 [black bear (6)]
  4434 | D:5      | 4434 ||| READING scroll of teleportation.
  4435 | D:5      | Slain by a black bear

Levels and vault maps discovered:
D:1:      dpeg_arrival_connections, layout_loops_corners,
          nicolae_ecumenical_snake_handling, minmay_misc_feat_cross,
          minivault_11
D:2:      layout_basic, minmay_misc_feat_ornament, minivault_27,
          minmay_fractal_squares_gapless_5
D:3:      layout_basic, jmf_multi_god_temple2, minmay_goblin_outpost
D:4:      layout_layer_cave
D:5:      layout_basic, amcnicky_mini_corridor_feature

Skill      XL: |  1  2  3  4  5  6 |
---------------+-------------------+-----
Ranged Weapons | 6 7 8 9 10 | 10.5
Fighting       | 2 |  2.2
Armour         | 1 |  1.4
Dodging        | 3 |  3.0
Stealth        | |  1.2

Action                     |  1- 3 |  4- 6 |  7- 9 || total
---------------------------+-------+-------+-------++-------
   Fire: Shortbow          |   132 |   184 |    26 ||   342
    Use: Scroll            |     3 |    10 |     1 ||    14
         Potion            |     3 |     1 |       ||     4
 Armour: Leather armour    |    22 |       |       ||    22
         Ring mail         |       |    36 |    30 ||    66
         Skin              |       |     2 |       ||     2
  Dodge: Dodged            |    32 |    35 |    10 ||    77

Table legend:
 A = Non-vault XP
 B = Vault XP
 C = Vault XP percentage of total XP
 D = Non-vault monster count
 E = Vault monster count
 F = Vault count percentage of total count
                 A         B        C        D         E       F
            +---------+---------+-------+---------+---------+-------
      Total |     808 |      30 |   3.6 |     104 |      17 |  14.0
            +---------+---------+-------+---------+---------+-------
        D:1 |      45 |       3 |   6.2 |      30 |       3 |   9.1
        D:2 |      46 |       6 |  11.5 |      19 |       3 |  13.6
        D:3 |     129 |      21 |  14.0 |      22 |      11 |  33.3
        D:4 |     221 |       0 |   0.0 |      25 |       0 |   0.0
        D:5 |     367 |       0 |   0.0 |       8 |       0 |   0.0
            +---------+---------+-------+---------+---------+-------
